 Dungeon Crawl Stone Soup version 0.29-a0-495-g17b79114eb (webtiles) character file.

Game seed: 9666650842828526440

14372 porpoise the Archer (level 12, 0/68 HPs)
             Began as a Tengu Hunter on May 28, 2022.
             Was a Believer of Hepliaklqana.
             Slain by a yak (5 damage)
             ... on level 9 of the Dungeon.
             The game lasted 00:39:33 (10213 turns).

porpoise the Archer (Tengu Hunter)                 Turns: 10213, Time: 00:39:34

Health: 0/68       AC: 11    Str: 10    XL:     12   Next: 15%
Magic:  22/22      EV: 20    Int: 12    God:    Hepliaklqana [**....]
Gold:   134        SH:  0    Dex: 23    Spells: 17/23 levels left

rFire   . . .      SeeInvis .   a - +1 shortbow (venom)
rCold   . . .      Faith    .   (shield currently unavailable)
rNeg    + . .      Spirit   .   C - +3 leather armour
rPois   +          Reflect  .   (helmet restricted)
rElec   .          Harm     .   g - +1 cloak
rCorr   +          Rampage  .   d - +1 pair of gloves
Will    .....                   (boots unavailable)
Stlth   ++++......              (no amulet)
HPRegen 0.21/turn               z - ring of poison resistance
MPRegen 0.18/turn               E - ring "Zoanoit" {rN+ rCorr Str-2 Dex+3}

@: flying quickly and evasively, studying Shields, quick
A: reduced essence, beak, talons 3, nimble flight
a: Renounce Religion, Recall Ancestor, Ancestor Identity


You were on level 9 of the Dungeon.
You worshipped Hepliaklqana.
Hepliaklqana was pleased with you.
You visited 2 branches of the dungeon, and saw 10 of its levels.
You also visited: Sewer and Bailey.

You collected 585 gold pieces.
You spent 451 gold pieces at shops.

Inventory:

Hand Weapons
 a - a +1 shortbow of venom (weapon)
 b - a +1 mace of draining
 w - a +3 dagger
 D - a +0 longbow
 L - a +1 short sword of venom
Missiles
 i - a throwing net
 p - 10 boomerangs
 u - 31 javelins
 G - 47 poisoned darts
 K - a curare-tipped dart
Armour
 d - a +1 pair of gloves (worn)
 g - a +1 cloak (worn)
 C - a +3 leather armour (worn)
Jewellery
 f - a ring of fire
 v - an amulet of faith
 z - a ring of poison resistance (left hand)
 E - the ring "Zoanoit" (right hand) {rN+ rCorr Str-2 Dex+3}
   (You bought it in a shop on level 4 of the Dungeon)

   [ring of positive energy]

   Str:       It affects your strength (-2).
   Dex:       It affects your dexterity (+3).
   rN:        It protects you from negative energy.
   rCorr:     It protects you from acid and corrosion.
 H - a +6 ring of dexterity
Wands
 y - a wand of digging (6)
 N - a wand of mindburst (8)
Scrolls
 c - 2 scrolls of immolation
 e - 2 scrolls of amnesia
 m - 3 scrolls of fog
 n - 3 scrolls of silence
 s - a scroll of brand weapon
 t - 2 scrolls of teleportation
 I - a scroll of vulnerability
 M - a scroll of noise {unknown}
Potions
 h - 3 potions of invisibility
 j - 2 potions of heal wounds
 k - 2 potions of resistance {unknown}
 l - 5 potions of lignification
 o - a potion of attraction {unknown}
 q - 2 potions of mutation {unknown}
 r - a potion of berserk rage {unknown}
 x - a potion of magic {unknown}
 A - 3 potions of haste
 B - 3 potions of brilliance
 F - 3 potions of curing {unknown}
 J - a potion of cancellation {unknown}


   Skills:
 - Level 9.1 Fighting
 * Level 11.4 Bows
 - Level 7.0 Armour
 - Level 7.0 Dodging
 - Level 7.0 Stealth
 - Level 6.1 Spellcasting
 - Level 5.0 Air Magic
 + Level 4.4 Invocations


You had 17 spell levels left.
You knew the following spells:

 Your Spells              Type           Power      Damage    Failure   Level
r - Frozen Ramparts       Ice            6%         1d2       56%         3
w - Swiftness             Air            15%        N/A       9%          3

Your spell library contained the following spells:

 Spells                   Type           Power      Damage    Failure   Level
 Freeze                   Ice            12%        1d4       22%         1
 Summon Small Mammal      Summ           12%        N/A       22%         1
 Ensorcelled Hibernation  Hex/Ice        6%         N/A       34%         2
 Passwall                 Tmut/Erth      2%         N/A       34%         2
 Call Canine Familiar     Summ           3%         N/A       56%         3
 Gell's Gravitas          Tloc           3%         N/A       56%         3
 Summon Guardian Golem    Hex/Summ       3%         N/A       56%         3
 Teleport Other           Tloc           3%         N/A       56%         3
 Hailstorm                Conj/Ice       3%         3d3       92%         4
 Dispersal                Tloc           1%         N/A       100%        6


Dungeon Overview and Level Annotations

Branches:
Dungeon (9/15)             Temple (1/1) D:7            Lair (0/6) D:8
  Sewer (visited)          Bailey (visited)
    Orc: D:9-12

Altars:
Ashenzari
Cheibriados
Dithmenos
Elyvilon
Fedhas
Gozag
Hepliaklqana
Kikubaaqudgha
Makhleb
Nemelex Xobeh
Okawaru
Qazlal
Ru
Sif Muna
Trog
Uskayaw
Vehumet
Wu Jian
Xom
Yredelemnul
Zin
The Shining One

Shops:
D:2 (   D:4 =   D:6 (


Innate Abilities, Weirdness & Mutations

Your life essence is reduced to manifest your ancestor. (-10% HP)
You have a beak for a mouth.
You have claws for feet.
Your magical nature lets you fly swiftly and evasively.


Message History

Press: ? - help, Q - select action, (/) - cycle Shift-Dir - straight line, f/p - yak
Aim: a yak (severely wounded, extremely poisoned, ally target, 80% to hit)
You shoot an arrow. The arrow completely misses the yak.
The arrow hits the yak.
The yak looks as sick as possible!
The yak is severely wounded.
The yak gores you!
Nikki hits the yak with a +0 flail!
The yak dies!
Shoot: a) +1 shortbow (venom)
Press: ? - help, Q - select action, (/) - cycle Shift-Dir - straight line, f - yak
Aim: a yak (heavily wounded, very poisoned, 80% to hit)
You shoot an arrow. The arrow hits the yak.
The yak is heavily wounded.
The yak gores you!
* * * LOW HITPOINT WARNING * * *
Nikki hits the yak with a +0 flail!
Shoot: a) +1 shortbow (venom)
Press: ? - help, Q - select action, (/) - cycle Shift-Dir - straight line, f/p - yak
Aim: a yak (almost dead, not watching you, very poisoned, ally target, 80% to hit)
You shoot an arrow. The arrow hits the yak!
You kill the yak!
Nikki hits the yak with a +0 flail!
Shoot: a) +1 shortbow (venom)
Press: ? - help, Q - select action, (/) - cycle Shift-Dir - straight line, f - yak
Aim: a yak (moderately wounded, ally target, 80% to hit)
You shoot an arrow. The arrow hits the yak!
The yak is poisoned.
The yak is heavily wounded.
You no longer feel sluggish.
The yak gores you!
* * * LOW HITPOINT WARNING * * *
Nikki hits the yak with a +0 flail!
Shoot: a) +1 shortbow (venom)
Press: ? - help, Q - select action, (/) - cycle Shift-Dir - straight line, f/p - yak
Aim: a yak (almost dead, very poisoned, ally target, 80% to hit)
You shoot an arrow.
The arrow hits the yak but does no damage.
The yak looks as sick as possible!
The yak is almost dead.
The yak gores you.
You die...

..Y..Y.........#
...............#
...............#
...............#
.........)†....#
...............#
...............#
..............R###
............)))Y@#
############))###
#..# ########..#
..........#
..........#
........>.#
..........#
..........#


You could see the friendly Nikki the knight and a yak (extremely poisoned, ally
target).

Vanquished Creatures
  A kobold demonologist (D:8)
  Grinder (D:5)
  A wyvern (D:8)
  6 yaks (D:9)
  A steam dragon (D:8)
  Duvessa (D:7)
  15 orc warriors
  5 ice beasts
  A black bear (D:5)
  A sky beast (D:7)
  21 centaurs
  2 ogres
  2 phantoms
  8 kobold brigands
  A bullfrog (D:8)
  A necrophage (D:8)
  3 scorpions
  5 wights (D:9)
  Dowan (D:7)
  5 killer bees (D:7)
  A hound (D:6)
  4 jellies
  6 orc priests
  2 iguanas (D:5)
  Terence (D:3)
  8 orc wizards
  14 adders
  3 river rats
  2 ufetubi
  A worm (D:3)
  4 dart slugs
  48 orcs
  3 bats (D:1)
  8 endoplasms
  9 giant cockroaches
  4 goblins
  8 hobgoblins
  5 jackals
  5 quokkas
  9 ball pythons
  5 frilled lizards
  17 kobolds
  9 rats
258 creatures vanquished.

Vanquished Creatures (collateral kills)
  5 yaks (D:9)
  2 wights (D:9)
  2 kobolds (D:8)
9 creatures vanquished.

Vanquished Creatures (others)
  An orc wizard (D:6)
1 creature vanquished.

Grand Total: 268 creatures vanquished

Notes
Turn   | Place    | Note
-------+----------+-------------------------------------------
     0 | D:1      | porpoise the Tengu Hunter began the quest for the Orb.
     0 | D:1      | Reached XP level 1. HP: 12/12 MP: 2/2
   203 | D:1      | Reached XP level 2. HP: 17/17 MP: 3/3
   716 | D:1      | Found a faded altar of an unknown god.
   931 | D:2      | Reached XP level 3. HP: 14/22 MP: 4/4
  1138 | D:2      | Reached skill level 5 in Bows
  1223 | D:2      | Found Saxzymoc's Antique Weapon Shop.
  1237 | D:2      | Reached XP level 4. HP: 27/27 MP: 5/5
  1801 | D:3      | Noticed an ogre
  1805 | D:3      | Killed an ogre
  1806 | D:3      | Reached skill level 6 in Bows
  1806 | D:3      | Gained mutation: Your magical nature lets you fly swiftly
                  | and evasively. [Tengu growth]
  1806 | D:3      | Reached XP level 5. HP: 32/32 MP: 6/6
  2073 | D:3      | Noticed Terence
  2079 | D:3      | Killed Terence
  2202 | D:3      | Reached XP level 6. HP: 37/37 MP: 7/7
  2429 | D:4      | You are sucked into a shaft and drop 2 floors!
  2429 | D:6      | Found Witozxipn's Weapon Shop.
  2438 | D:5      | Entered Level 5 of the Dungeon
  2573 | D:5      | Noticed an ice beast
  2582 | D:5      | Killed an ice beast
  2583 | D:5      | Reached skill level 7 in Bows
  2583 | D:5      | Reached XP level 7. HP: 30/42 MP: 8/8
  2964 | D:4      | Reached skill level 8 in Bows
  3011 | D:4      | Found a glowing drain.
  3015 | Sewer    | Entered a sewer
  3049 | Sewer    | Reached XP level 8. HP: 48/48 MP: 9/9
  3053 | Sewer    | Learned a level 3 spell: Swiftness
  3171 | Sewer    | Found a viscous altar of Jiyva.
  3491 | D:4      | Reached skill level 5 in Stealth
  3494 | D:4      | Reached skill level 5 in Fighting
  3738 | D:4      | Found Sabuest's Jewellery Shop.
  4189 | D:5      | Noticed Grinder
  4190 | D:5      | Paralysed by Grinder for 5 turns
  4198 | D:5      | Paralysed by Grinder for 4 turns
  4207 | D:5      | Killed Grinder
  4650 | D:6      | Reached skill level 9 in Bows
  4777 | D:6      | Reached XP level 9. HP: 55/55 MP: 10/10
  4791 | D:6      | Reached skill level 10 in Bows
  5357 | D:7      | Found a staircase to the Ecumenical Temple.
  5379 | Temple   | Entered the Ecumenical Temple
  5478 | Temple   | Became a worshipper of Hepliaklqana the Forgotten
  5509 | D:7      | Reached skill level 1 in Spellcasting
  5519 | D:7      | Found a flagged portal.
  5528 | Bailey   | Entered a bailey
  6039 | Bailey   | Reached skill level 5 in Dodging
  6269 | Bailey   | Reached XP level 10. HP: 46/63 MP: 15/15
  6485 | Bailey   | Reached skill level 1 in Air Magic
  6536 | Bailey   | Reached skill level 1 in Armour
  7387 | D:7      | Reached skill level 5 in Air Magic
  7781 | D:7      | Learned a level 3 spell: Frozen Ramparts
  7855 | D:7      | Noticed Dowan
  7856 | D:7      | Noticed Duvessa
  7864 | D:7      | Killed Dowan
  7870 | D:7      | Killed Duvessa
  8016 | D:7      | Reached skill level 5 in Armour
  8016 | D:7      | Reached XP level 11. HP: 71/71 MP: 15/21
  8542 | D:4      | Bought the ring "Zoanoit" {rN+ rCorr Str-2 Dex+3} for 451
                  | gold pieces
  8977 | D:8      | Reached * piety under Hepliaklqana
  8983 | D:8      | Found a staircase to the Lair.
  9406 | D:8      | Found a glowing golden altar of the Shining One.
  9918 | D:9      | Reached ** piety under Hepliaklqana
 10020 | D:9      | Remembered your ancestor Nikki as a knight
 10065 | D:9      | Reached XP level 12. HP: 58/68 MP: 22/22
 10080 | D:9      | Reached skill level 11 in Bows
 10213 | D:9      | Slain by a yak

Illustrated notes

Levels and vault maps discovered:
D:1:      scummos_arrival_checkerplants, layout_basic,
          shapermc_ecumenical_altar_hornbeckon, grunt_decor_cap
D:2:      layout_rooms, serial_shops, shop
D:3:      layout_basic, minmay_surrounded, uniq_terence
D:4:      layout_loops_ring, gup_sewer_entry_spiral, serial_shops,
          kennysheep_mini_moat, serial_bayou_pond_d
D:5:      layout_layer_cave, minmay_misc_feat_square, uniq_grinder
D:6:      layout_rooms, serial_shops, shop_statue
D:7:      layout_basic, minmay_temple_entry_ruins, enter_bailey_8, centaur_isle,
          uniq_duvessa
D:8:      layout_layer_cave, mainiacjoe_overflow_chevrons, lair_entry_dummy,
          special_room [special_room_kobold], chequers_serial_rivers_large_a,
          kennysheep_small_circle
D:9:      layout_long_grid, david_orc_1_choice, kennysheep_cluttered_room
Temple:   grunt_wide_crystal_templ

Skill      XL: |  1  2  3  4  5  6  7  8  9 10 11 12 |
---------------+-------------------------------------+-----
Bows           | 5 6 7 8 9 10 11 | 11.4
Stealth        | 2 3 4 6 7 |  7.0
Fighting       | 3 4 5 7 9 |  9.1
Spellcasting   | 3 6 |  6.1
Dodging        | 6 7 |  7.0
Air Magic      | 5 |  5.0
Armour         | 5 6 7 |  7.0
Invocations    | 3 4 |  4.4

Action                   |  1- 3 |  4- 6 |  7- 9 | 10-12 || total
-------------------------+-------+-------+-------+-------++-------
 Fire: Shortbow          |    66 |   116 |   298 |   311 ||   791
 Cast: Swiftness         |       |       |       |     1 ||     1
Invok: Recall Ancestor   |       |       |       |     1 ||     1
       Ancestor Life: Kn |       |       |       |     1 ||     1
       Ancestor Identity |       |       |       |     1 ||     1
Evoke: Wand              |       |       |       |     1 ||     1
  Use: Scroll            |       |    10 |     8 |     2 ||    20
       Potion            |       |       |     1 |     2 ||     3
Armor: Leather armour    |     7 |    17 |    31 |    24 ||    79
Dodge: Dodged            |    16 |    46 |    74 |   122 ||   258

Table legend: (Time is in decaauts)
 A = Elapsed time spent in this place.
 B = Non-inter-level travel time spent in this place.
 C = Inter-level travel time spent in this place.
 D = Time resting spent in this place.
 E = Time spent auto-exploring this place.
 F = Levels seen in this place.
 G = Mean time per level.
                   A        B        C        D        E       F      G
               +--------+--------+--------+--------+--------+-----+--------+
         Total |   9855 |   9387 |    468 |   2823 |   4715 |  12 |  821.2 |
       Dungeon |   8227 |   7759 |    468 |   2317 |   4053 |   9 |  914.1 |
        Temple |    106 |    106 |      0 |      0 |     73 |   1 |  106.0 |
         Sewer |    217 |    217 |      0 |      0 |    118 |   1 |  217.0 |
        Bailey |   1303 |   1303 |      0 |    506 |    469 |   1 | 1303.0 |
               +--------+--------+--------+--------+--------+-----+--------+

Top non-repeatable levels by time:
     D:7: 1623 daAuts
  Bailey: 1303 daAuts
     D:8: 1137 daAuts
     D:5: 1032 daAuts
     D:4: 997 daAuts
     D:1: 877 daAuts
     D:3: 857 daAuts
     D:6: 745 daAuts
     D:2: 632 daAuts
     D:9: 324 daAuts
   Sewer: 217 daAuts
  Temple: 106 daAuts
